 Dungeon Crawl Stone Soup version 0.29.1-1-gd02db6906a (webtiles) character file.

Game seed: 979994302814168280

236 funnyparkerb the Cudgeller (level 5, -4/45 HPs)
             Began as a Minotaur Berserker on Sept 24, 2022.
             Was a Follower of Trog.
             Slain by an orc
             ... wielding a +0 morningstar
              (9 damage)
             ... on level 4 of the Dungeon.
             The game lasted 00:02:02 (1701 turns).

funnyparkerb the Cudgeller (Minotaur Berserker)     Turns: 1701, Time: 00:02:03

Health: -4/45      AC:  8    Str: 24    XL:     5   Next: 77%
Magic:  4/4        EV:  8    Int:  4    God:    Trog [*.....]
Gold:   188        SH:  0    Dex:  9    Spells: 4/4 levels left

rFire   . . .      SeeInvis .   a - +0 mace
rCold   . . .      Faith    .   (no shield)
rNeg    + . .      Spirit   .   c - +0 chain mail
rPois   .          Reflect  .   (helmet restricted)
rElec   .          Harm     .   (no cloak)
rCorr   .          Rampage  .   (no gloves)
Will    .....                   (no boots)
Stlth   ..........              (no amulet)
HPRegen 0.15/turn               h - ring of positive energy
MPRegen 0.09/turn               (no ring)

@: on berserk cooldown, slowed, very slow
A: horns 2, retaliatory headbutt
a: Renounce Religion, Berserk


You were on level 4 of the Dungeon.
You worshipped Trog.
Trog was aware of your devotion.
You visited 1 branch of the dungeon, and saw 5 of its levels.

You collected 188 gold pieces.

Inventory:

Hand Weapons
 a - a +0 mace (weapon)
Armour
 c - a +0 chain mail (worn)
Jewellery
 h - a ring of positive energy (left hand)
Scrolls
 b - 2 scrolls of identify {unknown}
 g - a scroll of blinking {unknown}
 i - a scroll of immolation {unknown}
 j - 2 scrolls of teleportation {unknown}
 n - a scroll of enchant armour {unknown}
 o - a scroll of fear {unknown}
Potions
 d - 3 potions of curing {unknown}
 e - a potion of heal wounds {unknown}
 f - a potion of haste {unknown}
 k - a potion of invisibility {unknown}
 l - a potion of lignification {unknown}
 m - 2 potions of brilliance {unknown}


   Skills:
 - Level 3.6 Fighting
 + Level 7.9 Maces & Flails
 - Level 2.4 Armour
 - Level 2.1 Dodging


You had 4 spell levels left.
You didn't know any spells.
Your spell library was empty.

Dungeon Overview and Level Annotations

Branches:
Dungeon (5/15)
 Temple: D:4-7

Altars:

Annotations:
D:3 Anandil's ghost, amateur GnWn


Innate Abilities, Weirdness & Mutations

You have a pair of horns on your head.
You reflexively headbutt those who attack you in melee.


Message History

You kill the gnoll!
Trog accepts your kill.
Found 12 gold pieces.
You see here a +0 flail.
Found a stone staircase leading up.
You feel a strong urge to attack something.
o - a scroll labelled REFAJINLEF You are no longer berserk.
You are exhausted.
You feel yourself slow down.
You now have 188 gold pieces (gained 12).
There is a stone staircase leading up here.
You climb upwards.
The orc shouts!
The orc closely misses you.
There is a stone staircase leading down here.
You barely miss the orc. Your headbutt misses the orc.
The orc hits you but does no damage.
You hit the orc.
The orc is heavily wounded.
The orc hits you with a +0 morningstar. x2
You closely miss the orc.
The orc is heavily wounded.
The orc barely misses you.
You closely miss the orc.
The orc is heavily wounded.
The orc hits you with a +0 morningstar!
* * * LOW HITPOINT WARNING * * *
The orc barely misses you.
The dart slug bites you but does no damage.
You sock the dart slug! You headbutt the dart slug.
You kill the dart slug!
Trog accepts your kill. The orc closely misses you.
You completely miss the orc. You headbutt the orc, but do no damage.
The orc is heavily wounded.
The orc hits you with a +0 morningstar.
* * * LOW HITPOINT WARNING * * *
The orc hits you with a +0 morningstar!
You die...

...
##.).##
... ###>.#
##...).. #
...... #..
.$....
##....
......
#......
......
###.......
......
#o@.......
......
#..†......
#.........
#.........
#.........
##........
####.....
##...


You could see an orc.

Vanquished Creatures
  A bullfrog (D:5)
  A scorpion (D:5)
  An iguana (D:4)
  3 adders
  3 gnolls (D:5)
  2 dart slugs (D:4)
  4 endoplasms
  A hobgoblin (D:4)
  4 kobolds
  4 quokkas
  6 ball pythons
  A bat (D:2)
  A frilled lizard (D:1)
  A rat (D:1)
33 creatures vanquished.

Notes
Turn   | Place    | Note
-------+----------+-------------------------------------------
     0 | D:1      | funnyparkerb the Minotaur Berserker began the quest for the
                  | Orb.
     0 | D:1      | Reached XP level 1. HP: 19/19 MP: 0/0
    86 | D:1      | Found a faded altar of an unknown god.
   527 | D:2      | Reached skill level 4 in Maces & Flails
   825 | D:2      | Reached XP level 2. HP: 21/26 MP: 1/1
   984 | D:3      | Noticed Anandil's ghost (amateur GnWn)
   993 | D:3      | Reached skill level 5 in Maces & Flails
   993 | D:3      | Reached XP level 3. HP: 28/31 MP: 2/2
  1401 | D:4      | Reached XP level 4. HP: 35/39 MP: 3/3
  1403 | D:4      | Reached skill level 6 in Maces & Flails
  1512 | D:5      | Entered Level 5 of the Dungeon
  1512 | D:5      | Noticed a bullfrog
  1518 | D:5      | Killed a bullfrog
  1518 | D:5      | Noticed a scorpion
  1526 | D:5      | Killed a scorpion
  1527 | D:5      | Reached skill level 7 in Maces & Flails
  1527 | D:5      | Reached XP level 5. HP: 28/45 MP: 4/4
  1701 | D:4      | Slain by an orc

Illustrated notes

Levels and vault maps discovered:
D:1:      sevenhm_arrival_forest_fort_small_3, layout_rooms,
          basic_ecumenical_altar
D:2:      layout_loops_ring, uniq_natasha
D:3:      layout_basic, grunt_temple_overflow_gold_and_silver,
          gammafunk_ghost_split
D:4:      minmay_thinvault, layout_cave_pods, uniq_eustachio
D:5:      layout_basic

Skill      XL: |  1  2  3  4 |
---------------+-------------+-----
Maces & Flails | 4 5 7 |  7.9
Fighting       | |  3.6
Armour         | |  2.4
Dodging        | |  2.1

Action                   |  1- 3 |  4- 6 || total
-------------------------+-------+-------++-------
Melee: Mace              |    69 |    29 ||    98
       Headbutt          |     7 |     6 ||    13
       Punch             |       |     1 ||     1
Invok: Berserk           |       |     2 ||     2
Armor: Chain mail        |    31 |     8 ||    39
Dodge: Dodged            |    26 |    25 ||    51
